 Dungeon Sprint DCSS version 0.22.1-1-ga44c0e56f4 (webtiles) character file.

7 Freyura the Shield-Bearer (level 2, 0/31 HPs)
             Began as a Gnoll Fighter on Oct 7, 2018.
             Slain by a quasit (2 damage)
             ... in the Dungeon (Sprint V: "Ziggurat Sprint").
             The game lasted 00:02:29 (104 turns).

Freyura the Shield-Bearer (Gnoll Fighter)            Turns: 104, Time: 00:02:29

Health: 0/31       AC:  7    Str: 18      XL:     2   Next: 0%
Magic:  5/5        EV:  8    Int: 10      God:
Gold:   0          SH: 10    Dex:  7 (14) Spells: 5/5 levels left

rFire    . . .     SeeInvis .   a - +0 war axe
rCold    . . .     Gourm    .   c - +0 shield
rNeg     . . .     Faith    .   b - +0 scale mail
rPois    .         Spirit   .   (no helmet)
rElec    .         Reflect  .   (no cloak)
rCorr    .         Harm     .   (no gloves)
MR       .....     NoTele   +   (no boots)
Stlth    ..........             (no amulet)
HPRegen  0.10/turn              (no ring)
MPRegen  0.09/turn              (no ring)

@: no status effects
A: distributed training, fangs 1, strong nose
a: no special abilities


You were in the Dungeon.
You were not hungry.

You visited 1 branch

Inventory:

Hand Weapons
 a - a +0 war axe (weapon)
Armour
 b - a +0 scale mail (worn)
 c - a +0 shield (worn)
 o - a +3 large shield
 G - +5 gold dragon scales
Jewellery
 z - a +6 ring of dexterity
 A - a +6 ring of dexterity
 B - a +6 ring of intelligence
 C - a +6 ring of intelligence
 D - a +6 ring of strength
 E - a +6 ring of strength
Wands
 w - a wand of disintegration (7)
 x - a wand of iceblast (7)
 y - a wand of acid (7)
Scrolls
 k - 4 scrolls of blinking
 q - 4 scrolls of amnesia
 r - 7 scrolls of fog
 s - a scroll of holy word
 t - 5 scrolls of identify
 u - 5 scrolls of remove curse
 v - 2 scrolls of fear
Potions
 d - 6 potions of might
 e - 10 potions of curing
 g - 10 potions of heal wounds
 h - 6 potions of haste
 i - 7 potions of magic
 j - 3 potions of berserk rage
 l - 2 potions of brilliance
 m - 2 potions of invisibility
 n - 4 potions of resistance
 p - 5 potions of agility
Miscellaneous
 F - a lightning rod (4/4)
Comestibles
 f - 7 rations


   Skills:
 + Level 7.0 Fighting
 + Level 2.3 Short Blades
 + Level 2.3 Long Blades
 + Level 5.1 Axes
 + Level 2.3 Maces & Flails
 + Level 2.3 Polearms
 + Level 2.3 Staves
 + Level 2.3 Slings
 + Level 2.3 Bows
 + Level 2.3 Crossbows
 + Level 2.3 Throwing
 + Level 7.0 Armour
 + Level 2.3 Dodging
 + Level 2.3 Stealth
 + Level 7.0 Shields
 + Level 2.3 Unarmed Combat
 + Level 2.3 Spellcasting
 + Level 1.8 Conjurations
 + Level 1.8 Hexes
 + Level 1.8 Charms
 + Level 1.8 Summonings
 + Level 1.8 Necromancy
 + Level 1.8 Translocations
 + Level 1.8 Transmutations
 + Level 1.8 Fire Magic
 + Level 1.8 Ice Magic
 + Level 1.8 Air Magic
 + Level 1.8 Earth Magic
 + Level 1.8 Poison Magic
 + Level 2.5 Invocations
 + Level 2.3 Evocations


You had 5 spell levels left.
You didn't know any spells.
Your spell library was empty.

Dungeon Overview and Level Annotations

Branches:
Dungeon (1/1)

Altars:
Ashenzari
Cheibriados
Dithmenos
Elyvilon
Fedhas
Gozag
Hepliaklqana
Kikubaaqudgha
Makhleb
Nemelex Xobeh
Okawaru
Qazlal
Ru
Sif Muna
Trog
Uskayaw
Vehumet
Wu Jian
Xom
Yredelemnul
Zin
The Shining One
Beogh
Jiyva
Lugonu

Annotations:
D 1 transporter


Innate Abilities, Weirdness & Mutations

Your experience applies equally to all skills.
You have very sharp teeth.
Your uncanny sense of smell can sniff out nearby items.


Message History

The jackal skeleton bites you but does no damage.
The quasit bites you but does no damage.
You block the quasit's attack.
The quasit claws you but does no damage.
You block the jackal skeleton's attack.
The quasit bites you but does no damage.
The quasit claws you.
* * * LOW HITPOINT WARNING * * *
You block the quasit's attack. You block the jackal skeleton's attack.
The quasit bites you but does no damage.
You block the quasit's attack. x2; The jackal skeleton barely misses you.
You block the quasit's attack.
The quasit claws you but does no damage. x2
The quasit closely misses you.
The quasit claws you but does no damage. x2
The jackal skeleton bites you but does no damage.
You block the quasit's attack. The quasit barely misses you. x2
You block the jackal skeleton's attack. You block the quasit's attack.
The quasit claws you.
You die...

▓▓▓▓▓▓▓
▓.8©8.▓
∆∆∆
▓.....▓
▓.|.).▓
▓.....▓
▓..5Z.▓
▓..@..▓
▓▓▓▓▓▓▓
∆∆∆ ∆ ∆


You could see a quasit and a jackal skeleton.

Vanquished Creatures (others)
  A spatial maelstrom (D)
1 creature vanquished.

Notes
Turn   | Place    | Note
-------+----------+-------------------------------------------
     0 | D        | Found the +6 Majin-Bo {vamp, Archmagi MP+6 Int+6}
     0 | D        | Found the +7 great mace "Firestarter" {inner flame, rF++}
     0 | D        | Freyura the Gnoll Fighter began the quest for the Orb.
     0 | D        | Reached XP level 1. HP: 23/23 MP: 1/1
     0 | D        | Found a deep blue altar of Sif Muna.
     0 | D        | Found a sacrificial altar of Ru.
     0 | D        | Found a bloodstained altar of Trog.
     0 | D        | Found a stormy altar of Qazlal.
     0 | D        | Found an iron altar of Okawaru.
     0 | D        | Found a sparkling altar of Nemelex Xobeh.
     0 | D        | Found a blossoming altar of Fedhas.
     0 | D        | Banished a spatial maelstrom
     2 | D        | Found a transporter.
     2 | D        | Found an ancient bone altar of Kikubaaqudgha.
     2 | D        | Found a viscous altar of Jiyva.
     2 | D        | Found a corrupted altar of Lugonu.
     2 | D        | Found a hazy altar of Hepliaklqana.
     2 | D        | Found a burning altar of Makhleb.
     2 | D        | Found an opulent altar of Gozag.
    17 | D        | Reached skill level 5 in Axes
    17 | D        | Reached skill level 1 in Conjurations
    17 | D        | Reached skill level 1 in Hexes
    17 | D        | Reached skill level 1 in Charms
    17 | D        | Reached skill level 1 in Summonings
    17 | D        | Reached skill level 1 in Necromancy
    17 | D        | Reached skill level 1 in Translocations
    17 | D        | Reached skill level 1 in Transmutations
    17 | D        | Reached skill level 1 in Fire Magic
    17 | D        | Reached skill level 1 in Ice Magic
    17 | D        | Reached skill level 1 in Air Magic
    17 | D        | Reached skill level 1 in Earth Magic
    17 | D        | Reached skill level 1 in Poison Magic
    17 | D        | Reached XP level 2. HP: 31/31 MP: 1/5
    36 | D        | Found the +6 shillelagh "Devastator" {shatter}
    36 | D        | Found the +11 plutonium sword {*Contam Stlth-}
    36 | D        | Found the +8 lance "Wyrmbane" {slay drac, rPois rF+ rC+
                  | AC+3}
    36 | D        | Found the +9 sword of Zonguldrok {reap}
    36 | D        | Found the cursed +13 scythe of Curses {drain, *Curse}
    36 | D        | Found the +0 sword of Power
    36 | D        | Found the +7 mace of Variability {chain chaos}
    36 | D        | Found the +7 longbow "Piercer" {penet, EV-2}
    46 | D        | Entered arena 2.
    46 | D        | Found a transporter.
    47 | D        | Found the +8 Wrath of Trog {antimagic, *Rage}
    90 | D        | HP: 1/31 [quasit (1)]
   100 | D        | HP: 1/31 [quasit (1)]
   104 | D        | Slain by a quasit

Skill      XL: |  1 |
---------------+----+-----
Fighting       | 7 |  7.0
Short Blades   | 2 |  2.3
Long Blades    | 2 |  2.3
Axes           | 5 |  5.1
Maces & Flails | 2 |  2.3
Polearms       | 2 |  2.3
Staves         | 2 |  2.3
Slings         | 2 |  2.3
Bows           | 2 |  2.3
Crossbows      | 2 |  2.3
Throwing       | 2 |  2.3
Armour         | 7 |  7.0
Dodging        | 2 |  2.3
Stealth        | 2 |  2.3
Shields        | 7 |  7.0
Unarmed Combat | 2 |  2.3
Spellcasting   | 2 |  2.3
Conjurations   | 1 |  1.8
Hexes          | 1 |  1.8
Charms         | 1 |  1.8
Summonings     | 1 |  1.8
Necromancy     | 1 |  1.8
Translocations | 1 |  1.8
Transmutations | 1 |  1.8
Fire Magic     | 1 |  1.8
Ice Magic      | 1 |  1.8
Air Magic      | 1 |  1.8
Earth Magic    | 1 |  1.8
Poison Magic   | 1 |  1.8
Invocations    | 2 |  2.5
Evocations     | 2 |  2.3

Action                   || total
-------------------------++-------
  Use: Potion            ||     1
Armor: Scale mail        ||    93
Dodge: Dodged            ||    68
Block: Shield            ||   101
